Map: Dusk Towers

Players

Serral - Winner!

  • Race: Zerg Zerg
  • League: Grandmaster

Nerchio

  • Race: Zerg Zerg
  • League: Grandmaster

Event: 2016 WCS Winter Challenger Europe

VOD

Have the link to the VOD?

Description

Time

  • Played on: Feb. 14, 2016, 11:11 a.m.
  • Length: 14:49

All games in this series

Show
View Real Time Build Order
Export as new Build Order

Serral Zerg - Winner!

Build Orders: Hatch First, Lurkers 

Get SALT Encoding   

  12  0:00  Drone  
  13  0:13  Overlord  
  13  0:17  Drone  
  14  0:32  Drone x2  
  14  0:35  Drone  
  17  0:54  Hatchery  
  17  0:56  Drone  
  17  1:00  Drone  
  17  1:02  Extractor  
  17  1:17  Spawning Pool  
  16  1:18  Drone  
  16  1:20  Drone  
  18  1:30  Drone  
  19  1:40  Overlord  
  19  2:03  Queen  
  19  2:04  Zergling x4  
  19  2:05  Metabolic Boost  
  19  2:06  Queen  
  25  2:09  Drone  
  25  2:12  Drone  
  27  2:17  Drone  
  27  2:22  Baneling Nest  
  27  2:25  Drone  
  27  2:29  Drone  
  29  2:33  Drone  
  30  2:50  Drone  
  30  2:51  Hatchery  
  30  2:54  Overlord  
  30  2:57  Drone  
  29  3:07  Zergling x2  
  29  3:08  Drone, Zergling x2  
  29  3:11  Drone x2  
  34  3:13  Drone  
  34  3:15  Drone  
  34  3:16  Baneling  
  34  3:18  Drone  
  37  3:20  Zergling x2  
  37  3:24  Overlord  
  38  3:28  Zergling x4  
  38  3:31  Baneling x2  
  41  3:34  Zergling x2  
  41  3:42  Zergling x2  
  41  3:43  Zergling x4  
  41  3:44  Drone x3  
  46  3:52  Drone x2, Extractor  
  46  3:53  Evolution Chamber  
  46  3:58  Overlord, Drone  
  47  4:05  Lair  
  47  4:07  Drone x2  
  47  4:08  Extractor  
  47  4:09  Drone  
  49  4:14  Queen  
  51  4:19  Drone x2  
  53  4:26  Drone  
  53  4:27  Drone, Roach Warren  
  53  4:29  Drone  
  55  4:35  Zerg Missile Weapons Level 1  
  55  4:37  Drone x3  
  57  4:40  Overlord  
  57  4:43  Drone  
  57  4:44  Drone  
  59  4:47  Overlord  
  59  4:50  Drone  
  60  4:54  Drone x2  
  60  4:55  Drone  
  60  4:59  Overlord, Drone x2  
  65  5:01  Drone  
  65  5:04  Overseer  
  65  5:05  Overlord  
  66  5:09  Glial Reconstitution  
  66  5:12  Drone x3  
  69  5:25  Drone x3  
  69  5:27  Overlord  
  69  5:30  Overlord  
  69  5:33  Overlord  
  69  5:35  Roach x4  
  77  5:36  Roach  
  78  5:47  Roach x5  
  86  5:54  Drone x2, Extractor  
  86  5:55  Extractor  
  86  5:56  Extractor  
  85  5:58  Overlord, Baneling  
  85  5:59  Drone x3  
  85  6:02  Drone x3  
  85  6:03  Hatchery  
  90  6:07  Ravager x2  
  90  6:08  Ravager  
  90  6:10  Drone x3  
  96  6:14  Ravager  
  96  6:17  Overlord  
  97  6:22  Overlord  
  97  6:28  Drone  
  97  6:30  Overlord x2  
  97  6:31  Hydralisk Den  
  97  6:33  Zerg Missile Weapons Level 2  
  97  6:38  Roach x4  
  105  6:43  Roach  
  105  6:44  Roach x3  
  113  6:47  Overlord  
  113  6:50  Roach x4  
  121  6:56  Roach x3  
  121  6:57  Roach  
  129  7:01  Spore Crawler  
  129  7:02  Spore Crawler  
  129  7:03  Pneumatized Carapace, Spore Crawler  
  129  7:06  Queen  
  129  7:07  Queen  
  130  7:13  Spore Crawler  
  130  7:15  Hydralisk x2  
  131  7:18  Muscular Augments  
  133  7:26  Hydralisk x2  
  133  7:27  Hydralisk  
  137  7:31  Drone x2  
  137  7:32  Drone x2  
  138  7:42  Hydralisk  
  138  7:43  Hydralisk x4  
  144  7:53  Overlord  
  144  7:56  Queen  
  144  7:58  Overlord  
  146  8:02  Hydralisk x5  
  156  8:11  Roach x2  
  156  8:21  Hydralisk  
  156  8:31  Hydralisk x5  
  162  8:35  Spore Crawler  
  162  8:38  Hydralisk x3  
  162  8:39  Hydralisk x2  
  167  8:47  Roach x4  
  166  8:54  Roach x3  
  166  8:55  Roach  
  164  9:11  Drone, Lurker Den  
  164  9:13  Overlord  
  164  9:14  Overlord x3  
  165  9:17  Overlord x2  
  165  9:20  Hatchery  
  164  9:25  Drone x6  
  164  9:27  Ravager  
  164  9:28  Ravager  
  164  9:30  Ravager x3  
  175  9:34  Drone x4, Overseer  
  175  9:35  Extractor  
  175  9:38  Hydralisk  
  178  9:42  Roach x2  
  182  9:52  Roach x3  
  173  9:58  Roach x5  
  153  10:02  Roach  
  153  10:03  Roach x2  
  153  10:14  Roach  
  153  10:15  Roach x6  
  165  10:23  Hydralisk x2, Roach x2  
  165  10:27  Ravager  
  174  10:30  Roach x3  
  174  10:34  Overlord  
  180  10:37  Lurker, Roach x2  
  180  10:38  Lurker x2  
  171  10:44  Roach x4  
  171  10:47  Roach  
  171  10:48  Roach x3  
  166  10:51  Ravager  
  166  10:53  Ravager  
  166  10:54  Roach  
  168  10:58  Roach x3  
  168  10:59  Roach  
  166  11:08  Roach  
  166  11:09  Roach x6  
  169  11:17  Ravager x3  
  172  11:21  Roach  
  172  11:24  Roach x5  
  184  11:27  Ravager  
  176  11:38  Roach  
  176  11:39  Roach x8  
  142  11:47  Lurker x2  
  142  11:49  Zergling x4, Roach x2  
  142  11:51  Queen  
  150  11:55  Ravager  
  150  11:57  Extractor  
  150  11:58  Drone  
  150  11:59  Hydralisk x2  
  155  12:06  Roach  
  155  12:07  Roach x3  
  145  12:16  Roach x4  
  145  12:21  Roach x2  
  145  12:22  Roach x2  
  143  12:24  Ravager  
  143  12:25  Ravager x2  
  145  12:34  Lurker  
  145  12:35  Lurker  
  147  12:38  Overlord  
  147  12:42  Roach x6  
  159  12:45  Drone x2  
  159  12:50  Ravager  
  162  12:55  Hydralisk x2  
  162  12:56  Roach x3  
  172  13:07  Hydralisk  
  172  13:08  Hydralisk x3  
  172  13:10  Lurker  
  178  13:14  Lurker  
  177  13:24  Hydralisk x5  
  187  13:30  Infestation Pit  
  187  13:33  Roach  
  187  13:34  Roach x2  
  192  13:47  Roach x4  
  192  13:48  Roach x2  
  152  13:56  Roach x4  
  152  14:01  Hydralisk x2  
  160  14:03  Ravager x2  
  160  14:05  Ravager  
  160  14:07  Ravager  
  160  14:08  Ravager  
  160  14:09  Roach x2  
  169  14:22  Lurker, Ravager  
  172  14:24  Lurker  
Show
View Real Time Build Order
Export as new Build Order

Nerchio Zerg 

Build Orders: Hatch First, Lurkers 

Get SALT Encoding   

  12  0:00  Drone  
  13  0:12  Overlord  
  13  0:17  Drone  
  14  0:30  Drone x2  
  14  0:34  Drone  
  17  0:52  Hatchery  
  17  0:55  Drone  
  17  0:58  Drone  
  17  1:01  Extractor  
  17  1:14  Spawning Pool  
  17  1:17  Drone  
  17  1:20  Drone  
  18  1:28  Drone  
  19  1:38  Overlord  
  19  1:49  Drone  
  20  2:01  Queen  
  20  2:03  Metabolic Boost, Queen  
  20  2:05  Zergling x2  
  20  2:08  Zergling x2  
  26  2:11  Drone  
  26  2:14  Drone  
  28  2:21  Drone  
  29  2:27  Drone  
  29  2:28  Baneling Nest  
  29  2:32  Drone  
  30  2:37  Drone  
  31  2:44  Drone  
  32  2:53  Hatchery  
  32  2:55  Zergling x2  
  32  2:57  Zergling x2  
  32  3:06  Zergling x2  
  32  3:07  Zergling x2  
  32  3:10  Drone x2  
  35  3:12  Overlord  
  35  3:17  Baneling  
  35  3:22  Overlord  
  35  3:31  Drone x5  
  40  3:38  Queen  
  40  3:42  Zergling x2  
  40  3:44  Drone x2  
  40  3:45  Drone  
  40  3:47  Extractor  
  43  3:48  Zergling x2  
  43  3:53  Zergling x2  
  45  3:59  Drone, Roach Warren  
  45  4:00  Drone  
  45  4:02  Drone  
  47  4:04  Baneling x2  
  47  4:08  Drone x2  
  47  4:09  Drone  
  48  4:12  Baneling x2  
  48  4:18  Lair  
  48  4:22  Drone x2  
  48  4:23  Drone  
  51  4:27  Drone x2  
  51  4:28  Drone  
  51  4:30  Extractor  
  51  4:31  Drone  
  54  4:32  Extractor  
  54  4:35  Drone x2  
  54  4:37  Drone  
  56  4:38  Drone  
  56  4:40  Drone  
  56  4:43  Overlord  
  58  4:48  Overlord  
  58  4:55  Evolution Chamber  
  58  4:57  Overlord  
  58  4:59  Overlord x2  
  57  5:03  Drone x3  
  57  5:04  Zergling x2  
  57  5:06  Drone  
  61  5:07  Drone  
  61  5:09  Drone  
  63  5:17  Spire  
  63  5:20  Drone  
  62  5:23  Drone x5  
  62  5:27  Drone x2  
  68  5:29  Drone  
  68  5:30  Drone  
  68  5:31  Drone  
  68  5:34  Drone  
  72  5:36  Extractor x2  
  69  5:47  Drone x2  
  68  5:50  Roach  
  68  5:51  Overseer  
  68  5:52  Drone  
  68  5:55  Roach x3  
  77  5:58  Queen  
  77  6:02  Overlord  
  77  6:03  Hatchery  
  78  6:07  Roach x3  
  78  6:09  Overlord  
  84  6:11  Overlord  
  83  6:28  Mutalisk x3  
  83  6:29  Mutalisk x4  
  83  6:30  Mutalisk  
  99  6:33  Mutalisk  
  99  6:37  Roach x2  
  99  6:39  Glial Reconstitution  
  105  6:41  Roach  
  105  6:44  Zerg Missile Weapons Level 1  
  107  6:47  Overlord  
  107  6:48  Overlord  
  107  6:50  Overlord  
  107  6:53  Overlord  
  107  6:57  Overlord  
  107  6:58  Overlord  
  107  7:00  Overlord  
  107  7:07  Drone x2  
  107  7:08  Roach x2  
  113  7:09  Evolution Chamber  
  113  7:10  Roach  
  113  7:11  Roach  
  113  7:14  Roach  
  118  7:16  Roach  
  118  7:17  Roach  
  118  7:19  Roach  
  118  7:21  Roach  
  126  7:23  Roach  
  126  7:25  Roach  
  126  7:26  Roach  
  126  7:28  Roach  
  134  7:35  Drone  
  133  7:37  Roach x2  
  133  7:38  Roach  
  133  7:39  Overlord, Hydralisk Den  
  138  7:50  Roach x6  
  150  7:53  Overlord  
  150  7:57  Zerg Ground Armor Level 1  
  148  7:59  Ravager  
  148  8:00  Ravager x6  
  148  8:04  Drone x3  
  158  8:12  Roach  
  162  8:13  Roach x3  
  162  8:14  Roach  
  162  8:15  Roach  
  162  8:17  Overlord  
  166  8:21  Roach  
  166  8:22  Lurker Den  
  168  8:31  Overlord  
  168  8:32  Overlord  
  166  8:34  Overlord  
  166  8:36  Overlord  
  166  8:37  Roach  
  166  8:38  Roach x3  
  166  8:40  Roach  
  172  8:42  Roach  
  172  8:44  Roach  
  172  8:46  Roach  
  176  8:52  Roach x4  
  176  8:56  Roach  
  176  8:57  Roach  
  176  8:58  Roach  
  176  8:59  Roach x2  
  176  9:01  Roach  
  168  9:03  Hydralisk  
  168  9:08  Zerg Missile Weapons Level 2  
  168  9:09  Hydralisk  
  172  9:10  Ravager x2  
  174  9:17  Extractor, Ravager  
  174  9:18  Roach x2  
  174  9:19  Roach  
  174  9:22  Overlord  
  174  9:23  Overlord, Roach  
  182  9:26  Roach  
  182  9:27  Roach  
  182  9:29  Roach  
  182  9:30  Roach  
  190  9:32  Roach  
  190  9:34  Roach  
  190  9:38  Roach x2  
  198  9:42  Roach  
  196  9:48  Roach x2  
  196  9:50  Roach  
  196  9:51  Roach  
  196  9:52  Roach x3  
  188  9:54  Roach  
  188  9:56  Roach  
  188  9:57  Roach  
  188  9:59  Roach  
  161  10:01  Roach  
  161  10:06  Lurker  
  161  10:08  Roach  
  161  10:09  Lurker, Ravager  
  161  10:10  Roach  
  161  10:11  Roach x2  
  161  10:13  Roach  
  173  10:14  Roach  
  173  10:17  Roach  
  173  10:18  Roach  
  173  10:19  Extractor  
  173  10:20  Roach  
  182  10:21  Roach  
  182  10:23  Roach  
  182  10:27  Roach x2  
  188  10:28  Roach  
  188  10:31  Roach  
  188  10:32  Roach  
  194  10:36  Roach x2  
  194  10:38  Roach  
  190  10:43  Roach x3  
  190  10:46  Roach  
  190  10:47  Roach  
  190  10:48  Roach  
  195  10:50  Ravager x2  
  195  10:51  Roach  
  195  10:53  Ravager  
  199  11:03  Overseer x2, Roach x5  
  192  11:05  Roach  
  192  11:11  Roach x3  
  177  11:15  Roach x2  
  177  11:16  Roach  
  183  11:18  Roach  
  183  11:19  Roach  
  183  11:20  Overseer  
  183  11:22  Roach  
  183  11:25  Ravager, Roach  
  192  11:28  Roach  
  184  11:35  Roach  
  184  11:36  Roach  
  184  11:37  Roach  
  152  11:40  Roach x3  
  152  11:41  Roach  
  152  11:43  Roach  
  152  11:45  Roach  
  151  11:50  Ravager x2  
  151  11:51  Ravager, Roach x2  
  160  11:54  Roach  
  160  11:55  Roach  
  160  11:56  Ravager  
  160  11:57  Overseer  
  160  12:00  Roach  
  160  12:01  Roach  
  167  12:03  Roach  
  167  12:05  Roach  
  167  12:07  Roach  
  167  12:12  Roach x2  
  167  12:15  Roach  
  161  12:18  Roach  
  161  12:19  Roach x2  
  155  12:25  Hydralisk  
  155  12:26  Hydralisk  
  157  12:30  Ravager  
  157  12:31  Hydralisk, Infestation Pit, Ravager x2  
  157  12:34  Hydralisk  
  163  12:45  Hydralisk  
  163  12:48  Hydralisk  
  164  12:51  Hydralisk  
  164  12:52  Hatchery  
  164  12:55  Overseer  
  164  12:56  Hydralisk  
  167  13:00  Pneumatized Carapace  
  167  13:08  Hydralisk x2  
  167  13:11  Lurker x3  
  165  13:20  Lurker  
  165  13:21  Roach x6  
  165  13:23  Roach  
  165  13:24  Roach  
  184  13:27  Roach  
  184  13:29  Roach  
  184  13:30  Lurker  
  184  13:32  Roach  
  184  13:33  Roach  
  191  13:45  Roach  
  191  13:46  Roach x2  
  191  13:48  Roach x2  
  158  13:50  Roach x3  
  158  13:52  Roach  
  158  13:54  Roach  
  158  13:55  Roach  
  135  13:57  Roach  
  135  14:00  Roach  
  123  14:04  Ravager x4  
  123  14:05  Roach  
  123  14:06  Roach  
  123  14:09  Roach  
  131  14:12  Roach x2  
  131  14:15  Overseer  
  131  14:16  Roach  
  135  14:18  Roach  
  135  14:20  Roach  
  135  14:22  Roach  
  135  14:23  Roach  
  141  14:29  Roach  
  141  14:30  Roach  
Tags
 
Add a new tag
Caveats
  • Supply blocks, unpowered buildings, or Contaminate may cause inaccurate times.
  • Supply counts are checked every 10 seconds.